 Dungeon Crawl Stone Soup version 0.23.2-1-ga50397a6bc (webtiles) character file.

Game seed: 4201930921377110559

4738 Revguard the Slasher (level 10, -3/74 HPs)
             Began as a Demonspawn Gladiator on May 28, 2019.
             Was a Plaything of Xom.
             Slain by a sun demon (15 damage)
             ... summoned by the severe capriciousness of Xom
             ... on level 8 of the Dungeon.
             The game lasted 00:25:08 (6321 turns).

Revguard the Slasher (Demonspawn Gladiator)         Turns: 6321, Time: 00:25:09

Health: -3/74      AC: 24    Str: 18    XL:     10   Next: 22%
Magic:  14/14      EV:  7    Int:  9    God:    Xom [......]
Gold:   355        SH:  0    Dex: 15    Spells: 9/9 levels left

rFire    . . .     SeeInvis .   u - +7 falchion "Demonslayer" {chaos, +Inv}
rCold    + + .     Gourm    .   (no shield)
rNeg     . . .     Faith    .   p - +0 plate armour
rPois    +         Spirit   .   (helmet restricted)
rElec    .         Reflect  .   h - +0 cloak
rCorr    .         Harm     .   n - +4 pair of gloves of Fallacy {+Inv}
MR       .....                  j - +0 pair of boots
Stlth    ..........             (no amulet)
HPRegen  0.22/turn              e - ring of protection from cold
MPRegen  0.14/turn              s - ring of poison resistance

@: no status effects
A: horns 2, icy blue scales 2, cold resistance 1, demonic guardian 1
a: Renounce Religion, Evoke Invisibility


You were on level 8 of the Dungeon.
You worshipped Xom.
You were a very special plaything of Xom.
You were hungry.

You visited 2 branches of the dungeon, and saw 9 of its levels.

You collected 355 gold pieces.

Inventory:

Hand Weapons
 a - a +0 war axe
 u - the +7 falchion "Demonslayer" (weapon) {chaos, +Inv}
   (You found it on level 4 of the Dungeon)

   Each time it hits an enemy it has a different, random effect.
   It lets you turn invisible.
Missiles
 d - 3 throwing nets (quivered)
Armour
 h - a +0 cloak (worn)
 j - a +0 pair of boots (worn)
 n - the +4 pair of gloves of Fallacy (worn) {+Inv}
   (You found it on level 5 of the Dungeon)

   It lets you turn invisible.
 p - a +0 plate armour (worn)
Jewellery
 e - a ring of protection from cold (left hand)
 l - an uncursed ring of protection from fire
 o - a +5 ring of intelligence
 r - an uncursed ring of resist corrosion
 s - a ring of poison resistance (right hand)
Wands
 c - a wand of flame (29)
 z - a wand of polymorph (2)
 B - a wand of paralysis (7)
 C - a wand of iceblast (4)
Scrolls
 b - 5 scrolls of remove curse
 i - 3 scrolls of amnesia
 k - 3 scrolls of teleportation
 m - 4 scrolls of identify
 v - 4 scrolls of enchant armour
 w - a scroll of fear
 y - a scroll of enchant weapon
 A - a scroll of magic mapping
Potions
 g - a potion of resistance
 q - a potion of flight
Comestibles
 f - 14 rations


   Skills:
 + Level 5.2 Fighting
 + Level 7.9 Long Blades
 + Level 5.2 Axes
 - Level 1.7 Throwing
 * Level 7.2 Armour
 + Level 3.7 Dodging
 - Level 0.2 Stealth
 * Level 5.4 Evocations


You had 9 spell levels left.
You didn't know any spells.
Your spell library was empty.

Dungeon Overview and Level Annotations

Branches:
Dungeon (8/15)             Temple (1/1) D:5
   Lair: D:8-11

Altars:
Ashenzari
Cheibriados
Dithmenos
Elyvilon
Fedhas
Gozag
Kikubaaqudgha
Makhleb
Nemelex Xobeh
Okawaru
Ru
Sif Muna
Trog
Uskayaw
Vehumet
Wu Jian
Xom
Yredelemnul
The Shining One


Innate Abilities, Weirdness & Mutations

You have a pair of horns on your head.
You are mostly covered in icy blue scales. (AC +3)
Your flesh is cold resistant. (rC+)
A weak demonic guardian rushes to your aid.


Message History

The sun demon hits you but does no damage.
The sun demon hits you!
You are engulfed in flames!
You hit the sun demon but do no damage. The sun demon hits you!
You are engulfed in flames!!
* * * LOW HITPOINT WARNING * * *
Your quasit barely misses the sun demon.
Your quasit closely misses the sun demon.
Your quasit claws the sun demon.
The sun demon misses your quasit.
Your quasit barely misses the sun demon.
Your quasit claws the sun demon but does no damage.
Your quasit barely misses the sun demon.
The sun demon hits your quasit!!
Your quasit dies!
As you read the scroll of fear, it crumbles to dust.
You assume a fearsome visage.
The sun demon is unaffected.
The sun demon hits you!
* * * LOW HITPOINT WARNING * * *
You are engulfed in flames!
You die...

.# ##. ... #.. ..# #.#
#.### ## #@#.# ..# #3.#
###### #.# #.###3..... #.#
#..#...# #.# #.#.##.# #.#
#...##.# #####.########
###.##.# .............#
#.##.#
#####.#.####.#####.##.####


You could see a sun demon.

Vanquished Creatures
  A two-headed ogre (D:8)
  The ghost of Skippwaahh the Insei, a novice MfTm of Ru (D:7)
  Prince Ribbit (D:8)
  Menkaure (D:6)
  Duvessa (D:6)
  An orc warrior (D:7)
  2 sky beasts
  2 ice beasts
  2 ogres
  A centaur (D:5)
  8 big kobolds (D:7)
  4 bullfrogs
  Dowan (D:6)
  2 scorpions
  8 killer bees (D:8)
  A howler monkey (D:6)
  5 crimson imps
  A centaur zombie (D:7)
  2 jellies
  2 hounds (D:5)
  2 orc priests
  4 orc wizards
  A bullfrog skeleton (D:5)
  An iguana (D:5)
  6 worker ants
  2 hound skeletons (D:6)
  4 gnolls (D:3)
  12 adders
  2 shadow imps (D:5)
  2 adder zombies (D:5)
  An adder skeleton (D:5)
  6 worms
  3 dart slugs
  6 leopard geckos
  27 orcs
  10 bats
  A bat zombie (D:7)
  6 giant cockroaches
  8 goblins
  9 hobgoblins
  8 jackals
  6 kobolds
  4 quokkas
  A ball python (D:1)
  A ball python skeleton (D:4)
  11 frilled lizards
  A leopard gecko skeleton (D:4)
  A quokka skeleton (D:5)
  5 rats
  A rat zombie (D:7)
199 creatures vanquished.

Vanquished Creatures (collateral kills)
  A hungry ghost (D:8)
  An ogre (D:8)
  A bullfrog (D:7)
  A killer bee (D:8)
  A hound (D:5)
  2 orcs (D:6)
7 creatures vanquished.

Vanquished Creatures (others)
  A centaur (D:5)
  3 fungi (D:7)
  A plant (D:7)
5 creatures vanquished.

Grand Total: 211 creatures vanquished

Notes
Turn   | Place    | Note
-------+----------+-------------------------------------------
     0 | D:1      | Revguard the Demonspawn Gladiator began the quest for the
                  | Orb.
     0 | D:1      | Reached XP level 1. HP: 16/16 MP: 1/1
   484 | D:1      | Gained mutation: You are partially covered in icy blue
                  | scales. (AC +2) [demonic ancestry]
   484 | D:1      | Reached XP level 2. HP: 21/22 MP: 2/2
   845 | D:2      | Reached XP level 3. HP: 27/27 MP: 3/3
  1073 | D:2      | Gained mutation: You have a pair of small horns on your
                  | head. [demonic ancestry]
  1073 | D:2      | Reached XP level 4. HP: 33/34 MP: 4/4
  1365 | D:2      | Found a deep blue altar of Sif Muna.
  1489 | D:3      | Reached skill level 1 in Armour
  1490 | D:3      | Reached XP level 5. HP: 38/39 MP: 5/5
  2285 | D:4      | Gained mutation: A weak demonic guardian rushes to your
                  | aid. [demonic ancestry]
  2285 | D:4      | Reached XP level 6. HP: 47/47 MP: 6/6
  2301 | D:4      | Got a warped falchion
  2302 | D:4      | Identified the +7 falchion "Demonslayer" {chaos, +Inv} (You
                  | found it on level 4 of the Dungeon)
  2390 | D:4      | Found a snail-covered altar of Cheibriados.
  2628 | D:5      | Entered Level 5 of the Dungeon
  2645 | D:5      | Reached skill level 5 in Axes
  2666 | D:5      | Reached skill level 1 in Evocations
  2674 | D:5      | Reached skill level 1 in Long Blades
  2676 | D:5      | Gained mutation: You are mostly covered in icy blue scales.
                  | (AC +3) [demonic ancestry]
  2676 | D:5      | Reached XP level 7. HP: 19/52 MP: 4/8
  2766 | D:5      | Got a pair of crude gloves
  2772 | D:5      | Identified the +4 pair of gloves of Fallacy {+Inv} (You
                  | found it on level 5 of the Dungeon)
  2835 | D:5      | Found a shadowy altar of Dithmenos.
  2845 | D:5      | Found an iron altar of Okawaru.
  3098 | D:5      | Found a staircase to the Ecumenical Temple.
  3117 | Temple   | Entered the Ecumenical Temple
  3349 | Temple   | Became a worshipper of Xom of Chaos
  3403 | D:5      | Gained mutation: Your flesh is cold resistant. (rC+)
                  | [demonic ancestry]
  3403 | D:5      | Reached XP level 8. HP: 59/60 MP: 8/10
  3469 | D:5      | Found a sacrificial altar of Ru.
  3607 | D:5      | Found a radiant altar of Vehumet.
  3655 | D:5      | Found a burning altar of Makhleb.
  3655 | D:5      | Noticed an Executioner
  3660 | D:5      | Noticed an orange demon
  3909 | D:6      | XOM: potion effect (might)
  3964 | D:6      | Noticed Dowan
  3965 | D:6      | Noticed Duvessa
  3984 | D:6      | Killed Duvessa
  3987 | D:6      | XOM: harmless Chrm miscast
  3993 | D:6      | Killed Dowan
  4042 | D:6      | Noticed Menkaure
  4043 | D:6      | XOM: polymorph ufetubus -> white imp
  4045 | D:6      | XOM: blink monster(s)
  4051 | D:6      | Killed Menkaure
  4051 | D:6      | Reached skill level 5 in Long Blades
  4299 | D:6      | XOM: swap monsters
  4662 | D:7      | Found a runed translucent gate.
  4669 | D:7      | Found a runed translucent gate.
  4669 | D:7      | Found a runed translucent gate.
  4678 | D:7      | XOM: torment (32/61 hp)
  4905 | D:7      | Gained mutation: You have a pair of horns on your head.
                  | [demonic ancestry]
  4905 | D:7      | Reached XP level 9. HP: 66/66 MP: 12/12
  4991 | D:7      | Noticed Skippwaahh's ghost (novice MfTm)
  4996 | D:7      | Identified the cursed +1 dagger of Ru's Hatred {venom, rN+
                  | SInv Stlth+}
  5312 | D:7      | XOM: noise
  5449 | D:7      | Found an ancient bone altar of Kikubaaqudgha.
  5716 | D:7      | XOM: fog
  5725 | D:7      | Reached skill level 5 in Armour
  5744 | D:7      | Killed Skippwaahh's ghost
  5818 | D:8      | XOM: draining
  5907 | D:8      | Noticed a two-headed ogre
  5908 | D:8      | XOM: chaos upgrade
  5922 | D:8      | Killed a two-headed ogre
  5922 | D:8      | Reached skill level 5 in Fighting
  5922 | D:8      | Reached skill level 5 in Evocations
  5922 | D:8      | Reached XP level 10. HP: 53/74 MP: 13/13
  5942 | D:8      | XOM: mild Pois miscast
  5958 | D:8      | Noticed Prince Ribbit
  5969 | D:8      | XOM: summons 5 hostile demons
  5979 | D:8      | Killed Prince Ribbit
  6313 | D:8      | XOM: medium Summ miscast
  6314 | D:8      | Noticed a sun demon
  6321 | D:8      | Slain by a sun demon

Skill      XL: |  1  2  3  4  5  6  7  8  9 10 |
---------------+-------------------------------+-----
Axes           | 3 4 5 |  5.2
Dodging        | 3 |  3.7
Armour         | 1 2 3 4 6 7 |  7.2
Fighting       | 3 4 5 |  5.2
Evocations     | 1 2 4 5 |  5.4
Long Blades    | 1 3 5 7 |  7.9
Throwing       | |  1.7
Stealth        | |  0.2

Action                   |  1- 3 |  4- 6 |  7- 9 | 10-12 || total
-------------------------+-------+-------+-------+-------++-------
Melee: War axe           |   102 |   130 |       |       ||   232
       Headbutt          |       |    32 |    50 |     7 ||    89
       Falchion          |       |    43 |   254 |    44 ||   341
 Abil: Evoke Invisibilit |       |     1 |     1 |       ||     2
Evoke: Wand              |       |       |     2 |     6 ||     8
  Use: Potion            |     5 |     4 |       |     1 ||    10
       Scroll            |       |     8 |     4 |     4 ||    16
 Stab: Invisible         |       |       |     2 |       ||     2
       Paralysed         |       |       |     4 |       ||     4
       Confused          |       |       |     2 |     1 ||     3
       Distracted        |       |       |     1 |       ||     1
       Petrifying        |       |       |     1 |       ||     1
  Eat: Chunk             |     1 |     5 |     3 |     2 ||    11
       Ration            |       |       |     3 |       ||     3
Armor: Leather armour    |     8 |       |       |       ||     8
       Ring mail         |    37 |    61 |       |       ||    98
       Plate armour      |       |    65 |   173 |    52 ||   290
       Skin              |       |       |     6 |       ||     6
Dodge: Dodged            |   102 |   135 |    92 |    13 ||   342
       Rpst.: Falchion   |       |     9 |    31 |     4 ||    44
